 Dungeon Crawl Stone Soup version 0.23.1 (webtiles) character file.

Game seed: 12099373134809421940

12845 poirepourri the Severer (level 11, -12/110 HPs)
             Began as a Minotaur Fighter on Mar 8, 2019.
             Was the Champion of Okawaru.
             Mangled by a red ugly thing (18 damage)
             ... on level 11 of the Dungeon.
             The game lasted 00:10:24 (10589 turns).

poirepourri the Severer (Minotaur Fighter)         Turns: 10589, Time: 00:10:25

Health: -12/110    AC:  7    Str: 21    XL:     11   Next: 67%
Magic:  10/10      EV:  7    Int:  5    God:    Okawaru [******]
Gold:   807        SH: 14    Dex: 13    Spells: 10/10 levels left

rFire    . . .     SeeInvis .   s - +3 broad axe (chop)
rCold    + . .     Gourm    .   c - +4 shield
rNeg     . . .     Faith    .   K - +1 scale mail of Ruepuy {Regen+} (curse)
rPois    .         Spirit   .   (helmet restricted)
rElec    .         Reflect  .   M - scarf {repulsion}
rCorr    .         Harm     .   (no gloves)
MR       .....     Rnd*Tele +   (no boots)
Stlth    ..........             b - amulet of the acrobat
HPRegen  0.68/turn              x - ring of teleportation (curse)
MPRegen  0.12/turn              v - ring of protection from cold

@: barbed spikes, very slightly contaminated, lightly drained, invisible, repel
missiles
A: retaliatory headbutt, horns 2
a: Heroism, Finesse, Renounce Religion


You were on level 11 of the Dungeon.
You worshipped Okawaru.
Okawaru was exalted by your worship.
You were not hungry.

You visited 2 branches of the dungeon, and saw 12 of its levels.
You also visited: Bailey.

You collected 1157 gold pieces.
You spent 350 gold pieces at shops.

Inventory:

Hand Weapons
 s - a +3 broad axe of chopping (weapon)
Missiles
 a - 7 javelins of penetration
 e - 7 javelins (quivered)
 j - 5 throwing nets
 p - 123 bolts
Armour
 c - a +4 shield (worn)
 G - a +2 ring mail of cold resistance
 K - the cursed +1 scale mail of Ruepuy (worn) {Regen+}
   (You bought it in a shop on level 11 of the Dungeon)

   It increases your rate of regeneration.
   It has a curse placed upon it.
 M - a scarf of repulsion (worn)
Jewellery
 b - an amulet of the acrobat (around neck)
 f - an uncursed ring of protection from magic
 h - a +1 ring of evasion
 v - a ring of protection from cold (right hand)
 x - a cursed ring of teleportation (left hand)
 y - an uncursed ring of flight
 I - a +4 ring of strength {unknown}
Wands
 m - a wand of polymorph (8)
 n - a wand of scattershot (7)
 q - a wand of clouds (2)
 z - a wand of iceblast (12)
 D - a wand of flame (21)
 F - a wand of digging (5)
Scrolls
 l - 5 scrolls of teleportation
 C - a scroll of magic mapping
 L - 3 scrolls of fog
Potions
 d - a potion of might
 g - 4 potions of mutation
 i - a potion of curing
 r - a potion of resistance
 t - 2 potions of flight
 u - 2 potions of brilliance
 A - a potion of lignification {unknown}
 E - a potion of berserk rage
 J - 2 potions of ambrosia
Miscellaneous
 B - a phantom mirror
Comestibles
 k - 12 rations


   Skills:
 - Level 14.1(13.9) Fighting
 - Level 16.0(15.8) Axes
 - Level 3.6(3.5) Armour
 + Level 5.7(5.5) Shields


You had 10 spell levels left.
You didn't know any spells.
Your spell library contained the following spells:

 Spells                   Type           Power        Failure   Level  Hunger
 Shock                    Conj/Air       #...         99%         1    ##.....
 Swiftness                Chrm/Air       #.......     100%        2    ###....
 Static Discharge         Conj/Air       #.......     100%        3    ####...
 Airstrike                Air            #.........   100%        4    #####..
 Lightning Bolt           Conj/Air       #.........   100%        5    ######.


Dungeon Overview and Level Annotations

Branches:
Dungeon (11/15)            Temple (1/1) D:4
   Lair: D:8-11         Orc: D:9-12

Altars:
Ashenzari
Cheibriados
Dithmenos
Elyvilon
Fedhas
Gozag
Hepliaklqana
Kikubaaqudgha
Makhleb
Nemelex Xobeh
Okawaru
Qazlal
Ru
Sif Muna
Trog
Uskayaw
Vehumet
Wu Jian
Xom
Yredelemnul
Zin
The Shining One

Shops:
D:11 [


Innate Abilities, Weirdness & Mutations

You reflexively headbutt those who attack you in melee.
You have a pair of horns on your head.


Message History

The volley of spikes hits you!!
The barbed spikes become lodged in your body.
* * * LOW HITPOINT WARNING * * *
The red ugly thing pecks you!
* * * LOW HITPOINT WARNING * * *
You are engulfed in flames!
* * * LOW HITPOINT WARNING * * *
Okay, then.
Okay, then.
You fade into invisibility!
An orc comes into view. It is wielding a +0 falchion.
You block the red ugly thing's attack.
You are very lightly contaminated with residual magic.
You feel better.
The manticore flicks its tail.
The volley of spikes misses you. You block the orc warrior's attack.
The red ugly thing pecks you!
* * * LOW HITPOINT WARNING * * *
You are engulfed in flames!!
You die...

...............
#...........o...
#...............
#..........(....
#.............
#.........H.#
#......uo)..#
#.$.....@...#
#.....†?....#
#...>..†....#
#...).......#
#####......###..#
...........# ..#
...........# ..#
...........# ..#
.......)...# ..#


You could see a red ugly thing, a manticore, an orc warrior and an orc
(wandering).

Vanquished Creatures
  2 two-headed ogres
  The ghost of bmj180 the Basher, a novice MiFi (D:5)
  A centaur zombie (D:10)
  Maurice (D:10)
  A gargoyle (D:11)
  A hornet (D:8)
  8 hippogriffs
  Sigmund (D:3)
  A wyvern (D:9)
  15 yaks
  A hungry ghost (D:7)
  5 orc warriors
  3 ice beasts
  5 sky beasts
  5 ogres
  A phantom (D:10)
  6 centaurs
  9 gnoll sergeants
  5 bullfrogs
  6 scorpions
  3 wights (D:11)
  8 killer bees
  4 howler monkeys
  4 crimson imps
  A quasit (D:5)
  A bullfrog zombie (D:8)
  2 jellies
  7 hounds
  10 orc priests
  6 gnoll shamans (Bailey)
  2 bullfrog skeletons
  3 iguanas
  9 orc wizards
  13 worker ants
  Terence (D:3)
  A killer bee zombie (D:7)
  A hound skeleton (D:7)
  2 worker ant zombies
  17 gnolls
  9 adders
  2 oozes
  An adder zombie (D:7)
  3 adder skeletons
  3 worms (D:2)
  2 dart slugs
  6 leopard geckos
  40 orcs
  6 giant cockroaches
  15 goblins
  8 hobgoblins
  9 kobolds
  4 quokkas
  6 bats
  4 frilled lizards
  A jackal zombie (D:5)
  A leopard gecko skeleton (D:4)
  A quokka zombie (D:7)
  8 rats
302 creatures vanquished.

Notes
Turn   | Place    | Note
-------+----------+-------------------------------------------
     0 | D:1      | poirepourri the Minotaur Fighter began the quest for the
                  | Orb.
     0 | D:1      | Reached XP level 1. HP: 19/19 MP: 0/0
    97 | D:1      | Reached skill level 3 in Axes
   139 | D:1      | Reached XP level 2. HP: 25/26 MP: 1/1
   500 | D:1      | Reached skill level 4 in Axes
   956 | D:2      | Reached XP level 3. HP: 20/31 MP: 2/2
  1080 | D:2      | Reached skill level 5 in Axes
  1241 | D:2      | Reached XP level 4. HP: 33/39 MP: 3/3
  1346 | D:2      | Found an opulent altar of Gozag.
  1428 | D:2      | Found a bloodstained altar of Trog.
  1607 | D:3      | Noticed Terence
  1615 | D:3      | Killed Terence
  1671 | D:3      | Reached skill level 6 in Axes
  1671 | D:3      | Reached XP level 5. HP: 42/45 MP: 4/4
  1964 | D:3      | Reached skill level 7 in Axes
  2315 | D:3      | Noticed Sigmund
  2322 | D:3      | Killed Sigmund
  2322 | D:3      | Reached skill level 8 in Axes
  2322 | D:3      | Reached XP level 6. HP: 42/51 MP: 5/5
  2408 | D:4      | Found a shadowy altar of Dithmenos.
  2424 | D:4      | Found a staircase to the Ecumenical Temple.
  2431 | Temple   | Entered the Ecumenical Temple
  2490 | Temple   | Became a worshipper of Warmaster Okawaru
  2768 | D:4      | Found a glowing silver altar of Zin.
  2777 | D:4      | Reached skill level 9 in Axes
  2963 | D:4      | Found a blossoming altar of Fedhas.
  2971 | D:4      | Reached XP level 7. HP: 57/57 MP: 6/6
  3366 | D:4      | Reached skill level 10 in Axes
  3425 | D:5      | Entered Level 5 of the Dungeon
  3676 | D:5      | Reached * piety under Okawaru
  3678 | D:5      | Reached skill level 11 in Axes
  3728 | D:5      | Reached XP level 8. HP: 63/64 MP: 7/7
  3806 | D:5      | Found a runed translucent door.
  3806 | D:5      | Noticed bmj180's ghost (novice MiFi)
  4053 | D:5      | Killed bmj180's ghost
  4053 | D:5      | Reached ** piety under Okawaru
  4053 | D:5      | Reached skill level 12 in Axes
  4518 | D:6      | Reached skill level 13 in Axes
  4853 | D:7      | Reached *** piety under Okawaru
  4853 | D:7      | Reached XP level 9. HP: 55/70 MP: 8/8
  4956 | D:7      | Reached skill level 14 in Axes
  5064 | D:7      | Received a gift from Okawaru
  5415 | D:7      | Found a flagged portal.
  5430 | Bailey   | Entered a bailey
  5567 | Bailey   | Reached skill level 15 in Axes
  6142 | Bailey   | Reached **** piety under Okawaru
  6505 | D:7      | Reached skill level 16 in Axes
  6826 | D:8      | Reached XP level 10. HP: 51/80 MP: 9/9
  7033 | D:8      | Reached skill level 5 in Fighting
  7194 | D:8      | Reached ***** piety under Okawaru
  7452 | D:8      | Found a shattered altar of Ashenzari.
  7453 | D:8      | Found a shadowy altar of Dithmenos.
  7454 | D:8      | Found a stormy altar of Qazlal.
  7547 | D:8      | Found a shadowy altar of Dithmenos.
  8142 | D:9      | Noticed a two-headed ogre
  8148 | D:9      | Killed a two-headed ogre
  8148 | D:9      | Received a gift from Okawaru
  8228 | D:9      | Found a white marble altar of Elyvilon.
  8232 | D:9      | Reached skill level 10 in Fighting
  8641 | D:9      | Reached XP level 11. HP: 74/102 MP: 10/10
  8763 | D:9      | Found an ornate altar of the Wu Jian Council.
  9272 | D:10     | Entered Level 10 of the Dungeon
  9315 | D:10     | Noticed Maurice
  9363 | D:10     | Noticed a two-headed ogre
  9370 | D:10     | Killed a two-headed ogre
  9805 | D:10     | Reached ****** piety under Okawaru
 10127 | D:10     | Killed Maurice
 10412 | D:11     | Found Soruutiy's Armour Shop.
 10429 | D:11     | Bought the cursed +1 scale mail of Ruepuy {Regen+} for 182
                  | gold pieces
 10429 | D:11     | Bought a scarf of repulsion for 168 gold pieces
 10495 | D:11     | Reached skill level 5 in Shields
 10580 | D:11     | Noticed a red ugly thing
 10589 | D:11     | Mangled by a red ugly thing

Skill      XL: |  1  2  3  4  5  6  7  8  9 10 11 |
---------------+----------------------------------+-----
Axes           | 3 4 5 6 8 9 11 13 16 | 16.0
Fighting       | 4 11 14 | 14.1
Shields        | 5 |  5.7
Armour         | |  3.6

Action                   |  1- 3 |  4- 6 |  7- 9 | 10-12 || total
-------------------------+-------+-------+-------+-------++-------
Melee: War axe           |    82 |    82 |       |       ||   164
       Headbutt          |    11 |    22 |    44 |    58 ||   135
       Broad axe         |       |    31 |   261 |   283 ||   575
Evoke: Wand              |       |       |     4 |     1 ||     5
  Use: Scroll            |    12 |     6 |     4 |     9 ||    31
       Potion            |       |       |     7 |     3 ||    10
  Eat: Ration            |     1 |     1 |     3 |     3 ||     8
       Chunk             |       |       |     6 |       ||     6
Armor: Scale mail        |    35 |    38 |    79 |    27 ||   179
       Ring mail         |       |       |       |    29 ||    29
Dodge: Dodged            |    20 |    25 |    79 |    60 ||   184
Block: Shield            |    43 |    55 |   141 |   119 ||   358
